 Dungeon Crawl Stone Soup version 0.20-a0-893-g832831a (webtiles) character file.

3098 George the Severer (level 9, -4/71 HPs)
             Began as a Hill Orc Fighter on Mar 16, 2017.
             Slain by a two-headed ogre
             ... wielding a +0 giant spiked club
              (16 damage)
             ... on level 8 of the Dungeon.
             The game lasted 00:12:32 (6670 turns).

George the Severer (Hill Orc Fighter)               Turns: 6670, Time: 00:12:33

Health: -4/71      AC: 11    Str: 22    XL:     9   Next: 90%
Magic:  9/9        EV:  5    Int:  8    God:
Gold:   305        SH: 11    Dex: 10    Spells: 8/8 levels left

rFire    . . .     SeeInvis .   G - +1 hand axe (freeze)
rCold    . . .     Gourm    .   g - +0 chain mail
rNeg     . . .     Faith    .   F - +2 shield
rPois    .         Spirit   .   k - +0 helmet
rElec    .         Reflect  .   c - scarf {repulsion}
rCorr    .         Harm     .   p - +0 pair of gloves
MR       .....                  (no boots)
Stlth    ..........             K - amulet of regeneration
Regen    0.7/turn               (no ring)
MPRegen  0.2/turn               a - ring of flight

@: repel missiles
A: no striking features
a: Evoke Flight


You were on level 8 of the Dungeon.
You were not hungry.

You visited 2 branches of the dungeon, and saw 9 of its levels.
You also visited: Sewer.

You collected 305 gold pieces.

Inventory:

Hand Weapons
 G - a +1 hand axe of freezing (weapon)
Missiles
 r - a throwing net
 E - 8 javelins of penetration (quivered)
Armour
 c - a scarf of repulsion (worn)
 g - a +0 chain mail (worn)
 k - a +0 helmet (worn)
 p - a +0 pair of gloves (worn)
 D - a +0 cloak
 F - a +2 shield (worn)
Jewellery
 a - a ring of flight (left hand)
 K - an amulet of regeneration (around neck)
Wands
 y - a wand of iceblast (12/15)
 I - a wand of polymorph (18/24)
 J - a wand of acid (11/15)
 M - a wand of polymorph (5/24)
Scrolls
 b - 2 scrolls of blinking {unknown}
 h - 7 scrolls of identify {unknown}
 i - 7 scrolls of remove curse {unknown}
 j - 3 scrolls of fear {unknown}
 n - 5 scrolls of teleportation {unknown}
 u - a scroll of immolation {unknown}
 w - 2 scrolls of fog {unknown}
 A - 2 scrolls of amnesia {unknown}
Potions
 d - 3 potions of might
 e - a potion of flight {unknown}
 l - 2 potions of lignification {unknown}
 o - 4 potions of curing {unknown}
 q - a potion of haste {unknown}
 t - a potion of agility {unknown}
 v - 2 potions of magic {unknown}
 x - 14 potions of heal wounds {unknown}
 z - 2 potions of brilliance {unknown}
 B - a potion of degeneration {unknown}
 H - 2 potions of cancellation {unknown}
 L - a potion of resistance {unknown}
Comestibles
 f - 9 bread rations
 m - 7 meat rations
 s - 5 royal jellies
 C - 4 fruits
 N - a chunk of flesh


   Skills:
 + Level 3.8 Fighting
 - Level 16.3 Axes
 + Level 3.4 Armour
 + Level 3.4 Shields


You had 8 spell levels left.
You didn't know any spells.

Dungeon Overview and Level Annotations

Branches:
Dungeon (8/15)             Temple (1/1) D:6
   Lair: D:8-11

Altars:
Ashenzari
Cheibriados
Elyvilon
Gozag
Hepliaklqana
Kikubaaqudgha
Makhleb
Nemelex Xobeh
Okawaru
Ru
Sif Muna
Trog
Uskayaw
Wu Jian
Xom
Yredelemnul
Zin
The Shining One

Shops:
D:5 [


Message History

The two-headed ogre is moderately wounded.
You hit the two-headed ogre. You freeze the two-headed ogre.
The two-headed ogre is heavily wounded.
You block the two-headed ogre's attack.
The two-headed ogre hits you but does no damage.
You hit the two-headed ogre. You freeze the two-headed ogre.
The two-headed ogre is heavily wounded.
You slash the two-headed ogre! You freeze the two-headed ogre.
The two-headed ogre is severely wounded.
The two-headed ogre hits you with a giant spiked club!!
The two-headed ogre hits you with a giant club!
* * * LOW HITPOINT WARNING * * *
There is a stone staircase leading up here.
You hit the two-headed ogre. You freeze the two-headed ogre.
The two-headed ogre is severely wounded.
You slash the two-headed ogre! You freeze the two-headed ogre.
The two-headed ogre is almost dead.
You block the two-headed ogre's attack.
The two-headed ogre hits you with a giant club!
You die...

############
.......@OK:#
....######.#
. #.# #K####
#....#
......###K#
...##. #.# .
#. #K# ..
..#


You could see a two-headed ogre and a kobold.

Vanquished Creatures
  The ghost of Yehuk the Changer, a novice TrTm of Wu Jian (D:6)
  Duvessa (D:6)
  An ice beast (D:7)
  A sky beast (D:7)
  3 ogres
  A phantom (D:6)
  4 centaurs
  6 big kobolds
  4 bullfrogs
  Dowan (D:6)
  A scorpion (D:5)
  The ghost of Yehuk the Ruffian, a weakling TrTm (Sewer)
  A howler monkey (D:6)
  3 crimson imps
  An orc priest (D:3)
  A gnoll shaman (D:6)
  3 orc wizards
  A bullfrog skeleton (D:5)
  3 hounds
  An iguana (D:5)
  Crazy Yiuf (D:5)
  A hound zombie (D:5)
  3 hound skeletons
  12 adders
  10 gnolls
  3 shadow imps
  An ooze (D:2)
  An adder skeleton (D:5)
  A worm (D:2)
  3 dart slugs (D:1)
  5 leopard geckos
  14 orcs
  4 ball pythons
  8 bats
  9 giant cockroaches
  9 goblins
  7 hobgoblins
  13 jackals
  23 kobolds
  3 quokkas
  4 frilled lizards
  A jackal zombie (D:5)
  A leopard gecko zombie (D:7)
  17 rats
  A bush (D:1)
  2 plants (D:1)
196 creatures vanquished.

Notes
Turn   | Place    | Note
-------+----------+-------------------------------------------
     0 | D:1      | George the Hill Orc Fighter began the quest for the Orb.
     0 | D:1      | Reached XP level 1. HP: 19/19 MP: 1/1
    13 | D:1      | Reached skill level 3 in Axes
    92 | D:1      | Reached XP level 2. HP: 19/26 MP: 2/2
   158 | D:1      | Found a sparkling altar of Nemelex Xobeh.
   242 | D:1      | Reached skill level 4 in Axes
   465 | D:1      | Reached XP level 3. HP: 31/31 MP: 3/3
   921 | D:1      | Reached skill level 5 in Axes
  1080 | D:2      | Reached XP level 4. HP: 39/39 MP: 4/4
  1153 | D:2      | Reached skill level 6 in Axes
  1439 | D:2      | Reached XP level 5. HP: 37/45 MP: 5/5
  1967 | D:3      | Reached skill level 7 in Axes
  2377 | D:4      | Found a glowing drain.
  2399 | D:4      | Reached skill level 8 in Axes
  2399 | D:4      | Reached XP level 6. HP: 50/51 MP: 6/6
  2407 | Sewer    | Entered a sewer
  2419 | Sewer    | Noticed Yehuk's ghost (weakling TrTm)
  2435 | Sewer    | Killed Yehuk's ghost
  2629 | Sewer    | Reached skill level 9 in Axes
  2689 | Sewer    | Reached XP level 7. HP: 52/57 MP: 7/7
  2748 | Sewer    | Reached skill level 10 in Axes
  2894 | D:4      | Found a sacrificial altar of Ru.
  2895 | D:4      | Found a deep blue altar of Sif Muna.
  3055 | D:4      | Found a hazy altar of Hepliaklqana.
  3198 | D:5      | Entered Level 5 of the Dungeon
  3255 | D:5      | Reached skill level 11 in Axes
  3636 | D:5      | Reached XP level 8. HP: 63/64 MP: 8/8
  3867 | D:5      | Reached skill level 12 in Axes
  3971 | D:5      | Found Ugafapt's Antique Armour Boutique.
  4207 | D:5      | Found a runed door.
  4211 | D:5      | Noticed Crazy Yiuf
  4217 | D:5      | Killed Crazy Yiuf
  4278 | D:6      | Reached skill level 13 in Axes
  4373 | D:6      | Noticed Yehuk's ghost (novice TrTm)
  4881 | D:6      | Killed Yehuk's ghost
  4881 | D:6      | Reached skill level 14 in Axes
  4881 | D:6      | Reached XP level 9. HP: 57/70 MP: 9/9
  4984 | D:6      | Noticed Duvessa
  4986 | D:6      | Noticed Dowan
  4997 | D:6      | Killed Duvessa
  4997 | D:6      | Reached skill level 15 in Axes
  5026 | D:6      | Killed Dowan
  5682 | D:6      | Found a staircase to the Ecumenical Temple.
  5693 | Temple   | Entered the Ecumenical Temple
  6004 | D:7      | Found a glowing silver altar of Zin.
  6376 | D:7      | Reached skill level 16 in Axes
  6648 | D:8      | Noticed a two-headed ogre
  6670 | D:8      | Slain by a two-headed ogre

Vault maps used:
D:1:      eino_arrival_druids_welcome, serial_forest, infiniplex_forest_lined_1,
          infiniplex_forest_end_3, infiniplex_forest_split,
          infiniplex_forest_lined_room_2, infiniplex_forest_corner_1,
          infiniplex_forest_clump_medium, infiniplex_forest_lined_3,
          nemelex_diamond_rough_becter
D:2:      minmay_diamond_boxcup, corexii_corridor_pit
D:4:      kennysheep_little_box, chequers_temple_overflow_statue_of_worship,
          first_bread, gup_sewer_entry_glass
D:5:      serial_shops, shop, minmay_misc_feat_cross, uniq_crazy_yiuf_cottage
D:6:      minmay_temple_entry_poolview, uniq_duvessa
D:7:      nicolae_overflow_crystal_walls, grunt_ogre_cave
D:8:      grunt_temple_overflow_forces_of_nature, lair_entry_dummy
Temple:   eino_temple_lava
Sewer:    kennysheep_pipe_town

Skill      XL: |  1  2  3  4  5  6  7  8  9 |
---------------+----------------------------+-----
Axes           | 3 4 5 6 8 9 11 14 16 | 16.3
Fighting       | |  3.8
Armour         | |  3.4
Shields        | |  3.4

Action                   |  1- 3 |  4- 6 |  7- 9 || total
-------------------------+-------+-------+-------++-------
Melee: War axe           |   190 |   131 |       ||   321
       Hand axe          |       |    81 |   456 ||   537
  Eat: Chunk             |     1 |     6 |    13 ||    20
Armor: Chain mail        |    62 |   118 |   158 ||   338
       Scale mail        |     1 |       |       ||     1
Dodge: Dodged            |    19 |    48 |    54 ||   121
       Deflected         |       |       |     1 ||     1
Block: Shield            |    47 |    99 |   174 ||   320
